 Dungeon Crawl Stone Soup version 0.31-a0-968-g24f9ace8b5 (webtiles) character file.

Game seed: 10699218969440399745

71 senseless the Ruffian (level 4, -4/33 HPs)
             Began as a Demonspawn Shapeshifter on Oct 27, 2023.
             Slain by an orc
             ... wielding a +0 flail
              (7 damage)
             ... on level 3 of the Dungeon.
             The game lasted 00:03:53 (1960 turns).

senseless the Ruffian (Demonspawn Shapeshifter)     Turns: 1960, Time: 00:03:55

Health: -4/33      AC:  2    Str: 16    XL:     4   Next: 5%
Magic:  4/4        EV: 12    Int: 13    God:
Gold:   108        SH:  0    Dex: 13    Spells: 3/3 levels left

rFire   . .          .
                       - Unarmed
rCold   . . .        (no shield)
rNeg    . . .        a - +0 animal skin
rPois   .            (helmet currently unavailable)
rElec   .            (cloak currently unavailable)
rCorr   .            (gloves currently unavailable)
SInv    .            (boots currently unavailable)
Will    .....        m - amulet of the acrobat
Stlth   +            (no ring)
HPRegen 0.25/turn    (no ring)
MPRegen 0.09/turn

%: acrobat
@: beast-form
A: beast (slay +1), hooves 1, big brain 1
a: Begin Untransformation


You were on level 3 of the Dungeon.
You were a hulking beast.
You visited 1 branch of the dungeon, and saw 3 of its levels.

You collected 108 gold pieces.

Inventory:

Missiles
 i - 3 javelins (quivered)
 k - a throwing net
Armour
 a - a +0 animal skin (worn)
 h - a +0 helmet
 j - a +0 pair of boots
 q - a scarf of harm
Jewellery
 m - an amulet of the acrobat (around neck)
Talismans
 c - a beast talisman
 d - a flux talisman
Scrolls
 f - a scroll of noise {unknown}
 g - 2 scrolls of enchant armour {unknown}
 l - 2 scrolls of amnesia {unknown}
 n - a scroll of vulnerability {unknown}
 p - a scroll of enchant weapon {unknown}
 s - a scroll of teleportation {unknown}
Potions
 b - a potion of lignification
 e - a potion of degeneration {unknown}
 o - a potion of heal wounds {unknown}
 r - a potion of might {unknown}


   Skills:
 + Level 2.0 Fighting
 + Level 2.5 Dodging
 + Level 3.2 Unarmed Combat
 + Level 3.1 Shapeshifting


You had 3 spell levels left.
You didn't know any spells.
Your spell library contained the following spells:

 Spells                   Type           Power      Damage    Failure   Level
 Blink                    Tloc           0%         N/A       43%         2
 Ensorcelled Hibernation  Hex/Ice        0%         N/A       43%         2
 Jinxbite                 Hex            0%         N/A       43%         2
 Lesser Beckoning         Tloc           0%         N/A       43%         2
 Momentum Strike          Conj/Tloc      0%         3d8       43%         2
 Tukima's Dance           Hex            0%         N/A       67%         3
 Anguish                  Hex/Necr       0%         N/A       97%         4
 Passage of Golubria      Tloc           0%         N/A       97%         4
 Yara's Violent Unravell  Hex/Tmut       0%         3d3       100%        5


Dungeon Overview and Level Annotations

Branches:
Dungeon (3/15)

Altars:
Xom

Shops:
D:2 :


Innate Abilities, Weirdness & Mutations

You are a hulking beast.
Your limbs bulge with bestial killing power. (Slay +1)
You have large cloven feet.
You have an unusually large brain. (Int +2)


Message History

You hit the orc but do no damage. You kick the orc.
The orc is heavily wounded.
The orc misses you.
You hit the orc.
You kill the orc!
An endoplasm comes into view.
You have reached level 4!
You feel agile.
You hit the orc.
The orc is almost dead.
The orc hits you with a +0 club.
You hit the orc.
You kill the orc!
You hear some strange, mumbled words.
You are confused.
You miss the orc. You kick the orc, but do no damage.
Unknown command.
You bump into the rock wall.
You bump into the rock wall.
The orc barely misses you. Something hits you.
You completely miss something. Your kick misses something.
The orc hits you with a +0 flail.
You hear some strange, mumbled words.
A magic dart appears from out of thin air!
The magic dart hits you.
You miss something. Your kick misses something.
The orc hits you with a +0 flail. Something hits you.
You bump into the rock wall.
You feel less confused. Something hits you. The orc closely misses you.
You closely miss something. The endoplasm barely misses you.
The orc hits you with a +0 flail!
* * * LOW HITPOINT WARNING * * *
Something barely misses you.
You barely miss something. Your kick misses something.
Something hits you but does no damage. The endoplasm freezes you.
You are frozen.
* * * LOW HITPOINT WARNING * * *
The orc hits you with a +0 flail!
You die...

.. .# # .# ###.### #####.#
).....o##.....#############
#)gg..............##.######
#.##(#..###.#####.#.#.#<...
.##........##.#####..###..###
........#...oh.............^..
#.##..###...{#J#####..###..##.
.....##.....{..) #.#.#.#.##.
..#.........#.......##.##....
...##.##.##..###.############.
.. #..<.......... #....
####.##..###w.# #.##.
#.##..... .. #.##. ..# #..#
#....


You could see an orc and an endoplasm.

Vanquished Creatures
  A gnoll (D:3)
  A worm (D:2)
  A dart slug (D:2)
  2 orcs (D:3)
  4 ball pythons
  3 bats (D:1)
  5 endoplasms
  A giant cockroach (D:2)
  A goblin (D:2)
  4 hobgoblins
  10 jackals
  A quokka (D:2)
  A frilled lizard (D:1)
  7 kobolds
  7 rats
49 creatures vanquished.

Vanquished Creatures (others)
  A quokka (D:3)
  A rat (D:3)
2 creatures vanquished.

Grand Total: 51 creatures vanquished

Notes
Turn   | Place    | Note
-------+----------+-------------------------------------------
     0 | D:1      | senseless the Demonspawn Shapeshifter began the quest for
                  | the Orb.
     0 | D:1      | Reached XP level 1. HP: 15/15 MP: 1/1
   272 | D:1      | Gained mutation: You have large cloven feet. [demonic
                  | ancestry]
   272 | D:1      | Reached XP level 2. HP: 19/21 MP: 2/2
  1009 | D:2      | Found Lischyir's Book Shop.
  1092 | D:2      | Gained mutation: You have an unusually large brain. (Int
                  | +2) [demonic ancestry]
  1092 | D:2      | Reached XP level 3. HP: 13/26 MP: 3/3
  1910 | D:3      | Found a shimmering altar of Xom.
  1951 | D:3      | Reached XP level 4. HP: 33/33 MP: 4/4
  1960 | D:3      | Slain by an orc

Illustrated notes

Levels and vault maps discovered:
D:1:      arrival_zaba_pyramid, layout_loops_corners
D:2:      layout_basic, serial_shops, shop
D:3:      layout_loops_cross, lemuel_doored_altar, xom_confusion_cloud,
          serial_shops, nicolae_shop_mannequins, minivault_19

Skill      XL: |  1  2  3 |
---------------+----------+-----
Dodging        | 2 |  2.5
Unarmed Combat | 3 |  3.2
Shapeshifting  | 3 |  3.1
Fighting       | 2 |  2.0

Action                     |  1- 3 |  4- 6 || total
---------------------------+-------+-------++-------
  Melee: Unarmed           |   134 |     7 ||   141
         Kick              |    19 |     1 ||    20
         Punch             |     2 |       ||     2
   Stab: Sleeping          |     4 |       ||     4
 Armour: Animal skin       |    72 |    10 ||    82
  Dodge: Dodged            |   106 |     4 ||   110

Table legend: (Time is in decaauts)
 A = Elapsed time spent in this place.
 B = Non-inter-level travel time spent in this place.
 C = Inter-level travel time spent in this place.
 D = Time resting spent in this place.
 E = Time spent auto-exploring this place.
 F = Levels seen in this place.
 G = Mean time per level.
                   A        B        C        D        E       F      G
               +--------+--------+--------+--------+--------+-----+--------+
         Total |   1951 |   1824 |    127 |     75 |   1407 |   3 |  650.3 |
       Dungeon |   1951 |   1824 |    127 |     75 |   1407 |   3 |  650.3 |
               +--------+--------+--------+--------+--------+-----+--------+

Top non-repeatable levels by time:
     D:1: 1019 daAuts
     D:2: 834 daAuts
     D:3: 98 daAuts
